 Dungeon Crawl Stone Soup version 0.31-a0-263-ge8cad7f256 (webtiles) character file.

Game seed: 6867244546117252930

149 qw the Shooter (level 5, 0/30 HPs)
             Began as a Gargoyle Hexslinger on July 13, 2023.
             Slain by Pikel
             ... wielding a +0 whip of flaming
              (3 damage)
             ... on level 4 of the Dungeon.
             The game lasted 00:00:57 (2602 turns).

qw the Shooter (Gargoyle Hexslinger)                Turns: 2602, Time: 00:00:57

Health: 0/30       AC:  9    Str: 12    XL:     5   Next: 31%
Magic:  6/6        EV: 10    Int: 13    God:
Gold:   222        SH:  0    Dex: 14    Spells: 5/6 levels left

rFire   . . .        Y - +2 sling
rCold   . . .        (no shield)
rNeg    + . .        b - +0 ring mail
rPois   inf          (no helmet)
rElec   +            (no cloak)
rCorr   .            (no gloves)
SInv    .            (no boots)
Will    .....        (no amulet)
Stlth   +            (no ring)
HPRegen 0.25/turn    (no ring)
MPRegen 0.10/turn

%: no passive effects
@: no status effects
A: sickness immunity, AC +4, negative energy resistance 1, electricity
resistance, torment resistance 1, petrification resistance
a: no special abilities


You were on level 4 of the Dungeon.
You visited 1 branch of the dungeon, and saw 4 of its levels.

You collected 222 gold pieces.


Innate Abilities, Weirdness & Mutations

You are immune to sickness and miasma.
Your stone body is resilient. (AC +4)
You are immune to poison.
You resist negative energy. (rN+)
You are resistant to electric shocks. (rElec)
You are resistant to unholy torment.
You are immune to petrification.


   Skills:
 - Level 2.0 Fighting
 + Level 4.6 Ranged Weapons
 - Level 2.0 Armour
 - Level 1.5 Dodging
 - Level 1.0 Spellcasting
 - Level 2.6 Hexes


You had 5 spell levels left.
You knew the following spells:

 Your Spells              Type           Power      Damage    Failure   Level
a - Slow                  Hex            28%        N/A       21%         1

Your spell library contained the following spells:

 Spells                   Type           Power      Damage    Failure   Level
 Inner Flame              Hex/Fire       4%         N/A       71%         3
 Portal Projectile        Hex/Tloc       8%         N/A       71%         3
 Cause Fear               Hex            3%         N/A       90%         4

Inventory:

Hand Weapons
 Y - a +2 sling (weapon)
Armour
 b - a +0 ring mail (worn)
Scrolls
 a - 2 scrolls of enchant armour
 c - 2 scrolls of identify
Potions
 d - a potion of curing

Dungeon Overview and Level Annotations

Branches:
Dungeon (4/15)
 Temple: D:4-7

Altars:
Gozag

Shops:
D:1 (

Annotations:
D:4 Grinder, Pikel


Message History

The sling bullet completely misses the lemure.
The sling bullet hits Pikel but does no damage.
Pikel is lightly wounded.
The lemure hits you but does no damage. The sleepcap releases spores at you.
A dart slug comes into view.
The dart slug launches a dart at you. The slug dart misses you.
Grinder gestures at you. Pain shoots through your body!
The sleepcap releases spores at you but does no damage.
You shoot a sling bullet. The sling bullet hits Pikel.
Pikel is moderately wounded.
The sleepcap closely misses you.
You shoot a sling bullet. The sling bullet hits the dart slug.
The dart slug is almost dead.
Pikel misses you. The sleepcap barely misses you.
The dart slug launches a dart at you. The slug dart hits you.
You shoot a sling bullet. The sling bullet hits the dart slug.
You kill the dart slug!
Pikel says, "You'll make a fine lemure."
Pikel hits you with a +0 whip of flaming.
Pikel burns you.
The sleepcap releases spores at you but does no damage.
Grinder barely misses you. Pikel hits you but does no damage.
2600 ||| DRINKING potion of heal wounds.
You feel much better. The sleepcap barely misses you.
Pikel hits you with a +0 whip of flaming!
Pikel burns you. Grinder hits you.
You writhe in agony.
You shoot a sling bullet.
The sling bullet hits Pikel but does no damage.
Pikel is moderately wounded.
The sleepcap releases spores at you. Pikel hits you but does no damage.
Grinder completely misses you. The sleepcap barely misses you.
You shoot a sling bullet. The sling bullet misses Pikel.
The sling bullet hits the dart slug.
The dart slug is heavily wounded.
Pikel hits you with a +0 whip of flaming.
You die...

......~ ~~.~~.
..... . ~.$?.
......~#~...~.
.....~~~~~~~ ~
#...#~~~~~#~~
.##.....~ ~~~~~
.......f#~~~~~~
#@#~#~~~~
##5K..~~~~
#.55.##~~.
...........w%#
.......#####.#
=..>... ..#
....... ...
....... #.
#######


You could see Pikel, Grinder, 2 lemures, a sleepcap and a dart slug.

Vanquished Creatures
  Jessica (D:3)
  5 adders
  A worm (D:3)
  7 dart slugs
  7 ball pythons
  6 bats
  4 endoplasms
  3 giant cockroaches
  2 goblins
  2 hobgoblins
  4 jackals (D:1)
  4 quokkas
  2 frilled lizards (D:3)
  11 kobolds
  A rat (D:1)
60 creatures vanquished.

Notes
Turn   | Place    | Note
-------+----------+-------------------------------------------
     0 | D:1      | qw the Gargoyle Hexslinger began the quest for the Orb.
     0 | D:1      | Reached XP level 1. HP: 12/12 MP: 2/2
     0 | D:1      | 0 ||| qw: Version: 0.3-a-52-g30416fa
     0 | D:1      | 0 ||| qw: Game counter: 7216
     0 | D:1      | 0 ||| qw: Melee chars always use a shield: true
     0 | D:1      | 0 ||| qw: God list: Okawaru
     0 | D:1      | 0 ||| qw: Allow faded altars: false
     0 | D:1      | 0 ||| qw: Do Orc after clearing Dungeon:15 true
     0 | D:1      | 0 ||| qw: Do second Lair branch before Depths: true
     0 | D:1      | 0 ||| qw: Lair rune preference: random
     0 | D:1      | 0 ||| qw: Goals: Normal
     0 | D:1      | 0 ||| PLANNING D:1-11
   199 | D:1      | Reached XP level 2. HP: 16/16 MP: 3/3
   266 | D:1      | Reached skill level 3 in Ranged Weapons
   415 | D:1      | Reached XP level 3. HP: 21/21 MP: 4/4
   514 | D:1      | You fall into a shaft and drop 1 floor!
   570 | D:2      | 570 ||| READING 2 scrolls labelled NODENI OXZUOCW.
   571 | D:2      | 571 ||| READING 2 scrolls labelled DORAUD YXELL.
   572 | D:2      | 572 ||| READING scroll labelled ORUDGH NOMAORI.
   573 | D:2      | 573 ||| DROPPING scroll of immolation.
   574 | D:2      | 574 ||| DROPPING scroll of poison.
   575 | D:2      | 575 ||| DROPPING scroll of blinking.
   683 | D:1      | Found a faded altar of an unknown god.
   836 | D:1      | Found Feynwio's Antique Weapon Shop.
  1082 | D:1      | 1082 ||| UPGRADING to +0 leather armour.
  1092 | D:1      | 1092 ||| DROPPING +0 robe.
  1093 | D:1      | 1093 ||| READING scroll labelled FEOSUA OSYISSO.
  1156 | D:2      | Reached XP level 4. HP: 26/26 MP: 5/5
  1225 | D:2      | Reached skill level 4 in Ranged Weapons
  1493 | D:2      | 1493 ||| UPGRADING to +0 ring mail.
  1503 | D:2      | 1503 ||| DROPPING +0 leather armour.
  1504 | D:2      | 1504 ||| READING scroll labelled JIRE GEBEIGAU.
  1722 | D:3      | Found an opulent altar of Gozag.
  1968 | D:3      | Noticed Jessica
  1971 | D:3      | Killed Jessica
  2089 | D:3      | Reached XP level 5. HP: 30/30 MP: 6/6
  2507 | D:3      | 2507 ||| READING 3 scrolls labelled SUZUSTUFER.
  2508 | D:3      | 2508 ||| READING scroll labelled TUR VOPLEADAULORI.
  2509 | D:3      | 2509 ||| DRINKING 2 green potions.
  2510 | D:3      | 2510 ||| DRINKING 2 gluggy blue potions.
  2511 | D:3      | 2511 ||| READING 4 scrolls of identify.
  2511 | D:3      | 2511 ||| IDENTIFYING black potion
  2512 | D:3      | 2512 ||| READING 3 scrolls of identify.
  2512 | D:3      | 2512 ||| IDENTIFYING dark potion
  2513 | D:3      | 2513 ||| DROPPING potion of brilliance.
  2514 | D:3      | 2514 ||| DROPPING potion of ambrosia.
  2559 | D:4      | 2559 ||| Stepping ~*~*~tactically~*~*~ (outnumbered).
  2562 | D:4      | 2562 ||| FLEEEEING.
  2563 | D:4      | 2563 ||| STAIRDANCE
  2578 | D:4      | Noticed Grinder
  2584 | D:4      | Noticed a lemure
  2587 | D:4      | Noticed a lemure
  2589 | D:4      | Noticed Pikel
  2589 | D:4      | Noticed a lemure
  2599 | D:4      | HP: 5/30 [Pikel/+0 whip of flaming (5)]
  2599 | D:4      | HP: 2/30 [Pikel/+0 whip of flaming (3)]
  2600 | D:4      | 2600 ||| DRINKING potion of heal wounds.
  2602 | D:4      | Slain by Pikel

Levels and vault maps discovered:
D:1:      dpeg_arrival_signposts, layout_basic, serial_shops,
          nicolae_shop_scrapyard, basic_ecumenical_altar, st_stairs_1, hex_large
D:2:      minmay_kobold_bridge, layout_rooms, minivault_23
D:3:      layout_basic, grunt_gozag_statues, uniq_jessica
D:4:      kennysheep_slugbush, layout_rooms,
          grunt_temple_overflow_magic_moments, kennysheep_mini, uniq_grinder,
          uniq_pikel

Skill      XL: |  1  2  3  4 |
---------------+-------------+-----
Ranged Weapons | 3 4 |  4.6
Fighting       | 2 |  2.0
Armour         | 2 |  2.0
Dodging        | |  1.5
Spellcasting   | |  1.0
Hexes          | |  2.6

Action                     |  1- 3 |  4- 6 || total
---------------------------+-------+-------++-------
   Fire: Sling             |   106 |   104 ||   210
    Use: Scroll            |     4 |     5 ||     9
         Potion            |       |     3 ||     3
 Armour: Robe              |    21 |       ||    21
         Leather armour    |       |     6 ||     6
         Ring mail         |       |    22 ||    22
  Dodge: Dodged            |    40 |    34 ||    74

Table legend:
 A = Non-vault XP
 B = Vault XP
 C = Vault XP percentage of total XP
 D = Non-vault monster count
 E = Vault monster count
 F = Vault count percentage of total count
                 A         B        C        D         E       F
            +---------+---------+-------+---------+---------+-------
      Total |     147 |      66 |  31.0 |      47 |      13 |  21.7
            +---------+---------+-------+---------+---------+-------
        D:1 |      37 |       7 |  15.9 |      19 |       4 |  17.4
        D:2 |      56 |       6 |   9.7 |      13 |       4 |  23.5
        D:3 |      50 |      37 |  42.5 |      13 |       1 |   7.1
        D:4 |       4 |      16 |  80.0 |       2 |       4 |  66.7
            +---------+---------+-------+---------+---------+-------
